 Dungeon Crawl Stone Soup version 0.31-a0-152-g6aa68a64a1 (webtiles) character file.

Game seed: 14558769832926430109

232 qw the Chopper (level 6, 0/38 HPs)
             Began as a Gargoyle Fighter on June 11, 2023.
             Slain by a gnoll sergeant
             ... wielding a +0 trident of venom
              (2 damage)
             ... on level 3 of the Dungeon.
             The game lasted 00:01:27 (2666 turns).

qw the Chopper (Gargoyle Fighter)                   Turns: 2666, Time: 00:01:27

Health: 0/38       AC: 13    Str: 21    XL:     6   Next: 4%
Magic:  6/6        EV:  7    Int:  9    God:
Gold:   64         SH:  4    Dex:  9    Spells: 5/5 levels left

rFire   . . .        a - +0 broad axe
rCold   . . .        c - +0 buckler
rNeg    + + .        h - +0 chain mail {rN+}
rPois   inf          (no helmet)
rElec   +            (no cloak)
rCorr   .            (no gloves)
SInv    .            (no boots)
Will    .....        (no amulet) Stlth
                     (no ring)
HPRegen 0.26/turn    (no ring)
MPRegen 0.10/turn

%: no passive effects
@: no status effects
A: sickness immunity, AC +4, negative energy resistance 1, electricity
resistance, torment resistance 1, petrification resistance
a: no special abilities


You were on level 3 of the Dungeon.
You visited 1 branch of the dungeon, and saw 3 of its levels.

You collected 253 gold pieces.
You spent 189 gold pieces at shops.


Innate Abilities, Weirdness & Mutations

You are immune to sickness and miasma.
Your stone body is resilient. (AC +4)
You are immune to poison.
You resist negative energy. (rN+)
You are resistant to electric shocks. (rElec)
You are resistant to unholy torment.
You are immune to petrification.


   Skills:
 - Level 4.1 Fighting
 + Level 5.1 Axes
 - Level 3.2 Armour
 - Level 3.2 Shields


You had 5 spell levels left.
You didn't know any spells.
Your spell library was empty.

Inventory:

Hand Weapons
 a - a +0 broad axe (weapon)
 m - a +0 flail
Armour
 b - a +2 scale mail of fire resistance
 c - a +0 buckler (worn)
 h - a +0 chain mail of positive energy (worn)
 l - a +1 hat
Jewellery
 j - a ring of positive energy
Scrolls
 f - a scroll of identify
 g - a scroll of magic mapping {unknown}
Potions
 d - a potion of might
 e - a potion of curing {unknown}
 i - a potion of enlightenment {unknown}
 k - a potion of berserk rage {unknown}

Dungeon Overview and Level Annotations

Branches:
Dungeon (3/15)

Altars:
Cheibriados
Sif Muna

Shops:
D:3 [

Annotations:
D:3 exclusion: jackal


Message History

Enter note:
Enter note:
Enter note:
Enter note:
Enter note:
Enter note:
Enter note:
Enter note:
Enter note:
Enter note:
Enter note:
Enter note:
Enter note:
Enter note:
Enter note:
Enter note:
Enter note: You hit the gnoll sergeant but do no damage.
You barely miss the gnoll. The gnoll barely misses you.
The gnoll closely misses you.
The gnoll sergeant hits you with a +0 trident of venom.
The gnoll sergeant blocks your attack.
You slash the gnoll!
A gnoll comes into view.
It is wielding a +1 flail of protection.
You block the gnoll's attack. The gnoll barely misses you.
The gnoll sergeant hits you with a +0 trident of venom.
The gnoll completely misses you.
The gnoll sergeant hits you with a +0 trident of venom!
The gnoll closely misses you.
The gnoll moves out of view.
You barely miss the gnoll.
The gnoll is severely wounded.
The gnoll sergeant blocks your attack.
The gnoll hits you from afar with a +0 halberd!
The gnoll barely misses you.
The gnoll sergeant hits you but does no damage.
You slash the gnoll!
You kill the gnoll!
The gnoll sergeant blocks your attack.
The gnoll hits you from afar with a +0 halberd.
The gnoll sergeant hits you with a +0 trident of venom.
You die...

~~~~~~~~~~~~~~~~....~~~~~~~~~~~~~
~~~~~~~~~~~~~~~~....~~~~~~~~~~~~~
####~~~~~~~~~~~~....~~~~~~~~~~~~#
ggg#............................#
...#############''''#############
##+# #....# # .# #)...# .# #....#
.# #@...# .# #g)..# .# g....'..8
.# .'....'..8 .# ..#8..8#... .#
############ ##+# #
...##############################
go.#........:...................#


You could see a gnoll sergeant and a gnoll.

Vanquished Creatures
  A howler monkey (D:3)
  A hound (D:3)
  A sleepcap (D:3)
  4 gnolls (D:3)
  3 adders
  A worm (D:2)
  A dart slug (D:1)
  An orc (D:3)
  3 endoplasms
  A giant cockroach (D:2)
  3 goblins
  4 hobgoblins
  20 jackals
  2 quokkas
  4 ball pythons
  5 bats
  4 frilled lizards
  5 kobolds
  7 rats
71 creatures vanquished.

Notes
Turn   | Place    | Note
-------+----------+-------------------------------------------
     0 | D:1      | qw the Gargoyle Fighter began the quest for the Orb.
     0 | D:1      | Reached XP level 1. HP: 14/14 MP: 1/1
     0 | D:1      | 0 ||| qw: Version: 0.2-a-29-g99eb96e
     0 | D:1      | 0 ||| qw: Game counter: 4090
     0 | D:1      | 0 ||| qw: Always use a shield: true
     0 | D:1      | 0 ||| qw: God list: Okawaru
     0 | D:1      | 0 ||| qw: Allow faded altars: false
     0 | D:1      | 0 ||| qw: Do Orc after D:15 true
     0 | D:1      | 0 ||| qw: Do second Lair branch before Depths: true
     0 | D:1      | 0 ||| qw: Lair rune preference: random
     0 | D:1      | 0 ||| qw: Plans: Normal, Zot:1-4, Slime:5, God:TSO, Crypt,
                  | Tomb, Abyss, Pan, Hells, Win
     0 | D:1      | 0 ||| PLANNING D:1-11
   278 | D:1      | Reached skill level 2 in Axes
   304 | D:1      | Reached XP level 2. HP: 18/19 MP: 2/2
   319 | D:1      | 319 ||| Stepping ~*~*~tactically~*~*~ (hiding).
   855 | D:1      | 855 ||| READING scroll labelled ZUSTU NEDGHEH.
   856 | D:1      | 856 ||| READING scroll labelled UNUDEF IFIACUC.
   857 | D:1      | 857 ||| READING 2 scrolls labelled WAJEECHOMU.
   858 | D:1      | 858 ||| DROPPING scroll of amnesia.
   942 | D:2      | Reached skill level 3 in Axes
   963 | D:2      | Reached XP level 3. HP: 16/23 MP: 3/3
   963 | D:2      | 963 ||| FLEEEEING.
   966 | D:2      | 966 ||| STAIRDANCE
  1388 | D:2      | 1388 ||| Stepping ~*~*~tactically~*~*~ (stealth).
  1389 | D:2      | 1389 ||| Stepping ~*~*~tactically~*~*~ (stealth).
  1410 | D:2      | 1410 ||| DROPPING +0 club.
  1431 | D:2      | Found a faded altar of an unknown god.
  1657 | D:2      | 1657 ||| UPGRADING to +0 chain mail of positive energy.
  1667 | D:2      | 1667 ||| DROPPING +0 scale mail.
  1668 | D:2      | 1668 ||| READING scroll labelled LECZYCVEAJIO.
  1669 | D:2      | 1669 ||| READING scroll labelled QUTZE WAOTUI.
  1670 | D:2      | 1670 ||| READING scroll labelled AQAC JEUHEOX.
  1671 | D:2      | 1671 ||| READING scroll labelled DOAZOYVABA.
  1675 | D:2      | 1675 ||| READING 2 scrolls of identify.
  1675 | D:2      | 1675 ||| IDENTIFYING bubbling silvery potion
  1676 | D:2      | 1676 ||| DROPPING potion of brilliance.
  1800 | D:3      | 1800 ||| Stepping ~*~*~tactically~*~*~ (stealth).
  1810 | D:3      | Reached XP level 4. HP: 28/28 MP: 4/4
  1839 | D:3      | 1839 ||| SWAPPING to +0 broad axe.
  1840 | D:3      | 1840 ||| DROPPING +1 war axe of venom.
  1843 | D:3      | Found Ypris's Antique Armour Shoppe.
  1848 | D:3      | 1848 ||| BUYING glowing scale mail (189 gold).
  1848 | D:3      | Bought a glowing scale mail for 189 gold pieces
  1848 | D:3      | 1848 ||| SHOPLISTING pair of gloves (121 gold, have 2).
  1848 | D:3      | 1848 ||| SHOPLISTING runed buckler (202 gold, have 2).
  1882 | D:3      | Reached skill level 4 in Axes
  1956 | D:3      | 1956 ||| Stepping ~*~*~tactically~*~*~ (hiding).
  2094 | D:3      | Reached XP level 5. HP: 22/32 MP: 5/5
  2140 | D:3      | Reached skill level 5 in Axes
  2236 | D:3      | 2236 ||| DROPPING +0 whip.
  2290 | D:3      | Found a snail-covered altar of Cheibriados.
  2290 | D:3      | Found a shimmering blue altar of Sif Muna.
  2529 | D:3      | 2529 ||| Stepping ~*~*~tactically~*~*~ (stealth).
  2660 | D:3      | Reached XP level 6. HP: 35/38 MP: 6/6
  2665 | D:3      | HP: 5/38 [gnoll/+0 halberd (9)]
  2666 | D:3      | HP: 2/38 [gnoll/+0 halberd (4)]
  2666 | D:3      | Slain by a gnoll sergeant

Levels and vault maps discovered:
D:1:      heliophobic_arrival_dark_side_of_the_moon, layout_loops_corners
D:2:      layout_loops_ring, ebering_ecumenical_altar_abandoned,
          minmay_pentomino_t4
D:3:      lemuel_castle_with_subvaults [lemuel_castle_interior_carwin_2],
          layout_loops_cross, gammafunk_temple_overflow_wave, serial_shops,
          shop, hellmonk_no_cap

Skill      XL: |  1  2  3  4  5 |
---------------+----------------+-----
Axes           | 2 3 4 5 |  5.1
Fighting       | 4 |  4.1
Armour         | |  3.2
Shields        | |  3.2

Action                     |  1- 3 |  4- 6 || total
---------------------------+-------+-------++-------
  Melee: War axe           |   118 |     3 ||   121
         Broad axe         |       |    97 ||    97
    Use: Scroll            |     8 |       ||     8
 Armour: Scale mail        |    55 |       ||    55
         Chain mail        |     4 |    72 ||    76
  Dodge: Dodged            |    55 |    47 ||   102
  Block: Buckler           |    25 |    29 ||    54

Table legend:
 A = Non-vault XP
 B = Vault XP
 C = Vault XP percentage of total XP
 D = Non-vault monster count
 E = Vault monster count
 F = Vault count percentage of total count
                 A         B        C        D         E       F
            +---------+---------+-------+---------+---------+-------
      Total |     115 |     230 |  66.7 |      47 |      24 |  33.8
            +---------+---------+-------+---------+---------+-------
        D:1 |      27 |       0 |   0.0 |      17 |       0 |   0.0
        D:2 |      40 |       7 |  14.9 |      15 |       4 |  21.1
        D:3 |      48 |     223 |  82.3 |      15 |      20 |  57.1
            +---------+---------+-------+---------+---------+-------
